 Dungeon Crawl Stone Soup version 0.32-a0-872-g59262bdc9b (webtiles) character file.

Game seed: 9563083824201333196

42 Adrian566 the Ducker (level 3, 0/27 HPs)
             Began as a Demonspawn Gladiator on Mar 30, 2024.
             Incinerated by a bombardier beetle (5 damage)
             ... with a burning spray
             ... on level 2 of the Dungeon.
             The game lasted 00:01:10 (1588 turns).

Adrian566 the Ducker (Demonspawn Gladiator)         Turns: 1588, Time: 00:01:10

Health: 0/27       AC:  3    Str: 11 (14) XL:     3   Next: 33%
Magic:  3/3        EV: 11    Int:  6 (8)  God:
Gold:   98         SH:  0    Dex: 15 (16) Spells: 2/2 levels left

rFire   . . .        a - +0 long sword
rCold   . . .        (no shield)
rNeg    . . .        b - +0 leather armour
rPois   .            (helmet restricted)
rElec   .            (no cloak)
rCorr   .            (no gloves)
SInv    .            (no boots)
Will    .....        (no amulet)
Stlth   +            (no ring)
HPRegen 0.24/turn    (no ring)
MPRegen 0.08/turn

%: no passive effects
@: on fire, glowing
A: horns 1, demonic guardian 1
a: no special abilities


You were on level 2 of the Dungeon.
You visited 1 branch of the dungeon, and saw 2 of its levels.

You collected 98 gold pieces.

Inventory:

Hand Weapons
 a - a +0 long sword (weapon)
Missiles
 d - 3 throwing nets (quivered)
 e - a javelin
Armour
 b - a +0 leather armour (worn)
 c - a +0 helmet
Scrolls
 f - a scroll of enchant weapon {unknown}
 g - 2 scrolls of identify {unknown}
 h - a scroll of immolation {unknown}
 i - a scroll of teleportation {unknown}
 j - a scroll of vulnerability {unknown}
 k - 2 scrolls of acquirement {unknown}
 m - a scroll of revelation {unknown}


   Skills:
 + Level 2.2 Fighting
 + Level 3.1 Long Blades
 + Level 1.9 Throwing
 + Level 1.1 Armour
 + Level 3.1 Dodging


You had 2 spell levels left.
You didn't know any spells.
Your spell library was empty.

Dungeon Overview and Level Annotations

Branches:
Dungeon (2/15)

Altars:


Innate Abilities, Weirdness & Mutations

You have a pair of small horns on your head.
A weak demonic guardian rushes to your aid.


Message History

You open the door.
There is an open door here.
You see here a frilled lizard corpse.
A bombardier beetle comes into view.
A bombardier beetle is nearby!
Found 11 gold pieces.
You hit the bombardier beetle but do no damage.
Your headbutt misses the bombardier beetle.
You slash the bombardier beetle!
The bombardier beetle is heavily wounded.
The bombardier beetle sprays incendiary fluid at you.
The burning spray hits you.
You are covered in liquid fire!
You barely miss the bombardier beetle.
The bombardier beetle is heavily wounded.
The liquid fire burns you!
A demonic guardian appears!
The bombardier beetle barely misses you.
You hit the bombardier beetle but do no damage.
The bombardier beetle is heavily wounded.
The liquid fire burns you!
Your quasit bites the bombardier beetle but does no damage.
Your quasit barely misses the bombardier beetle.
Your quasit closely misses the bombardier beetle.
The bombardier beetle bites you.
You hit the bombardier beetle but do no damage.
The bombardier beetle is moderately wounded.
The liquid fire burns you!
* * * LOW HITPOINT WARNING * * *
Your quasit bites the bombardier beetle but does no damage.
Your quasit claws the bombardier beetle but does no damage. x2
Your quasit bites the bombardier beetle.
Your quasit claws the bombardier beetle but does no damage.
Your quasit claws the bombardier beetle.
The bombardier beetle bites you.
* * * LOW HITPOINT WARNING * * *
It was a potion of degeneration.
There was something very wrong with that liquid.
You feel weakened.
You feel dopey.
You feel clumsy. The liquid fire burns you!
You die...

#.##.##.# #>†.....#
####.#### #.# #.#
###.### ###### ##.....#
.....#
###......########...#$##
......†.........@B5....+
###......########...####
#......# #..# #.######
#.# ###.....# .#
...####.# # ##.# #.# #.#
#.# ##.# #.#


You could see a bombardier beetle (ally target) and a friendly quasit
(summoned).

Vanquished Creatures
  An adder (D:2)
  A gnoll (D:1)
  2 dart slugs (D:2)
  A bat (D:1)
  5 endoplasms
  A hobgoblin (D:2)
  2 frilled lizards
  4 kobolds (D:1)
  5 rats
22 creatures vanquished.

Notes
Turn   | Place    | Note
-------+----------+-------------------------------------------
     0 | D:1      | Adrian566 the Demonspawn Gladiator began the quest for the
                  | Orb.
     0 | D:1      | Reached XP level 1. HP: 16/16 MP: 1/1
   205 | D:1      | Gained mutation: A weak demonic guardian rushes to your
                  | aid. [demonic ancestry]
   205 | D:1      | Reached XP level 2. HP: 9/22 MP: 2/2
  1286 | D:2      | Reached skill level 1 in Armour
  1286 | D:2      | Gained mutation: You have a pair of small horns on your
                  | head. [demonic ancestry]
  1286 | D:2      | Reached XP level 3. HP: 27/27 MP: 3/3
  1588 | D:2      | Incinerated by a bombardier beetle

Illustrated notes

Levels and vault maps discovered:
D:1:      roderic_chinese_lattice_arrival, layout_loops_corners
D:2:      layout_loops_corners

Skill      XL: |  1  2 |
---------------+-------+-----
Dodging        | 3 |  3.1
Long Blades    | 3 |  3.1
Armour         | 1 |  1.1
Fighting       | |  2.2
Throwing       | |  1.9

Action                     || total
---------------------------++-------
  Melee: Long sword        ||    75
    Use: Potion            ||     1
   Stab: Sleeping          ||     1
 Armour: Leather armour    ||    33
  Dodge: Dodged            ||    40

Table legend: (Time is in decaauts)
 A = Elapsed time spent in this place.
 B = Non-inter-level travel time spent in this place.
 C = Inter-level travel time spent in this place.
 D = Time resting spent in this place.
 E = Time spent auto-exploring this place.
 F = Levels seen in this place.
 G = Mean time per level.
                   A        B        C        D        E       F      G
               +--------+--------+--------+--------+--------+-----+--------+
         Total |   1606 |   1568 |     38 |      0 |   1371 |   2 |  803.0 |
       Dungeon |   1606 |   1568 |     38 |      0 |   1371 |   2 |  803.0 |
               +--------+--------+--------+--------+--------+-----+--------+

Top non-repeatable levels by time:
     D:1: 1122 daAuts
     D:2: 484 daAuts
